 Dungeon Crawl Stone Soup version 0.23.0-3-gf3c87f2 (webtiles) character file.

Game seed: 13337823379723300139

1950 Inarius the Sneak (level 8, 0/48 HPs)
             Began as a Deep Elf Chaos Knight on Feb 22, 2019.
             Was a Plaything of Xom.
             Killed by divine providence
             ... invoked by an orc priest
              (11 damage)
             ... on level 6 of the Dungeon.
             The game lasted 00:15:50 (7440 turns).

Inarius the Sneak (Deep Elf Chaos Knight)           Turns: 7440, Time: 00:15:51

Health: 0/48       AC:  8    Str:  9    XL:     8   Next: 99%
Magic:  10/10      EV: 15    Int: 18    God:    Xom [......]
Gold:   50         SH:  0    Dex: 16    Spells: 7/7 levels left

rFire    . . .     SeeInvis .   u - +2 short sword (venom)
rCold    . . .     Gourm    .   (no shield)
rNeg     . . .     Faith    .   b - +2 leather armour
rPois    .         Spirit   .   m - +2 hat
rElec    .         Reflect  .   A - scarf {repulsion}
rCorr    .         Harm     .   (no gloves)
MR       .....                  d - +0 pair of boots
Stlth    +++.......             (no amulet)
HPRegen  0.16/turn              (no ring)
MPRegen  0.12/turn              (no ring)

@: lightly drained, repel missiles
A: no striking features
a: Renounce Religion


You were on level 6 of the Dungeon.
You worshipped Xom.
You were a very special plaything of Xom.
You were not hungry.

You visited 1 branch of the dungeon, and saw 6 of its levels.
You also visited: Sewer and Ossuary.

You collected 358 gold pieces.
You spent 308 gold pieces at shops.

Inventory:

Hand Weapons
 a - a +0 falchion of chaos
 h - a +3 dagger of venom
 u - a +2 short sword of venom (weapon)
 y - a +6 falchion of draining
Armour
 b - a +2 leather armour (worn)
 d - a +0 pair of boots (worn)
 m - a +2 hat (worn)
 s - a +0 ring mail
 A - a scarf of repulsion (worn)
Wands
 z - a wand of random effects (30)
 B - a wand of iceblast (11)
Scrolls
 e - 6 scrolls of remove curse
 v - a scroll of immolation {unknown}
 w - a scroll of teleportation
Potions
 f - 2 potions of brilliance {unknown}
 g - a potion of mutation {unknown}
 i - 8 potions of curing
 j - 6 potions of heal wounds
 k - 4 potions of degeneration {unknown}
 l - 6 potions of might {unknown}
 n - a potion of lignification {unknown}
 o - 2 potions of berserk rage {unknown}
 p - 5 potions of agility {unknown}
 q - a potion of invisibility {unknown}
 r - 2 potions of magic {unknown}
 t - a potion of flight {unknown}
Comestibles
 c - 10 rations
 x - a chunk of flesh


   Skills:
 + Level 4.5 Fighting
 + Level 6.5(6.9) Short Blades
 - Level 3.0(4.8) Long Blades
 + Level 3.4 Armour
 + Level 5.5 Dodging
 * Level 7.2 Stealth


You had 7 spell levels left.
You didn't know any spells.
Your spell library was empty.

Dungeon Overview and Level Annotations

Branches:
Dungeon (6/15)             Temple (0/1) D:4

Altars:
Ashenzari
Nemelex Xobeh
Okawaru
Qazlal
Xom
Zin

Shops:
D:5 [   D:6 [:

Annotations:
D:4 exclusion: oklob sapling


Message History

The gnoll is severely wounded.
The gnoll barely misses you.
A gnoll comes into view. It is wielding a +0 spear.
The gnoll hits you from afar with a +0 spear.
The gnoll shouts!
You hit the gnoll.
You kill the gnoll!
The orc priest mumbles some strange prayers to Beogh against you.
Beogh smites you!
The gnoll hits you from afar with a +0 spear.
You are too injured to fight recklessly!
The orc priest looks more healthy.
The orc priest casts a cantrip, but nothing happens.
The orc priest invokes the aid of Beogh against you.
Beogh smites you!
* * * LOW HITPOINT WARNING * * *
The howler monkey zombie completely misses you.
The orc priest invokes the aid of Beogh against you.
Beogh smites you!
You die...

# #.# #.#### #.# # #..... ###.###
#.########## ...$.. .....
......>..#
......##########.########....>#.#
.....o).go..............#........
#∩....#####o....................#
#..... #..g..@.....#.........#
###### #...Z.......##........#
#......[....##........#
#...........##.........
#...........###.....∩##
#...........# #.##...##
############# #<.#..... ##.#..###
......


You could see an orc priest, a gnoll, an orc and a howler monkey zombie.

Vanquished Creatures
  Eustachio (D:5)
  Menkaure (Ossuary)
  A water moccasin (D:5)
  2 ogres
  An ice beast (D:5)
  2 centaurs (D:5)
  3 big kobolds (Sewer)
  A scorpion (D:5)
  A howler monkey (D:5)
  3 crimson imps (D:5)
  A jelly (D:5)
  2 hounds (D:4)
  2 orc wizards
  5 worker ants
  3 mummies (Ossuary)
  A worker ant zombie (D:5)
  A gnoll (D:6)
  8 adders
  9 river rats
  An ooze (D:4)
  An adder skeleton (D:5)
  3 worms
  2 dart slugs (D:1)
  A leopard gecko (D:2)
  6 orcs
  7 bats
  3 giant cockroaches
  5 gnoll zombies (Ossuary)
  10 goblins
  5 hobgoblins
  4 jackals (D:5)
  19 kobolds
  3 quokkas
  8 ball pythons
  5 frilled lizards
  3 gnoll skeletons (Ossuary)
  4 goblin skeletons (Ossuary)
  3 goblin zombies (Ossuary)
  7 hobgoblin skeletons (Ossuary)
  4 hobgoblin zombies (Ossuary)
  3 kobold skeletons (Ossuary)
  5 kobold zombies (Ossuary)
  3 orc skeletons (Ossuary)
  4 orc zombies (Ossuary)
  26 rats
  2 rat skeletons (Ossuary)
  4 rat zombies (Ossuary)
199 creatures vanquished.

Vanquished Creatures (collateral kills)
  A sky beast (D:5)
  An ogre (D:4)
  A phantom (D:5)
  An orc wizard (D:5)
  An orc (D:5)
  A ball python skeleton (D:5)
6 creatures vanquished.

Vanquished Creatures (others)
  2 orc skeletons (Ossuary)
  A rat skeleton (Ossuary)
3 creatures vanquished.

Grand Total: 208 creatures vanquished

Notes
Turn   | Place    | Note
-------+----------+-------------------------------------------
     0 | D:1      | Inarius the Deep Elf Chaos Knight began the quest for the
                  | Orb.
     0 | D:1      | Reached XP level 1. HP: 13/13 MP: 3/3
    67 | D:1      | XOM: divination: magic mapping
   121 | D:1      | Reached XP level 2. HP: 6/18 MP: 4/4
   142 | D:1      | XOM: potion effect (curing)
   633 | D:2      | XOM: harmless Conj miscast
   700 | D:2      | Reached XP level 3. HP: 22/22 MP: 5/5
  1034 | D:2      | Reached skill level 1 in Armour
  1034 | D:2      | Reached skill level 1 in Stealth
  1208 | D:2      | XOM is BORED!
  1208 | D:2      | XOM: noise
  1263 | D:2      | Reached XP level 4. HP: 28/28 MP: 6/6
  1301 | D:2      | XOM: silly message
  1656 | D:3      | Found a glowing drain.
  1729 | D:3      | Reached skill level 1 in Short Blades
  1737 | D:3      | HP: 1/28 [river rat (6)]
  1756 | D:2      | XOM: divination: detect creatures
  1933 | D:2      | XOM: harmless Air miscast
  1999 | D:2      | XOM: harmless Chrm miscast
  2018 | Sewer    | Entered a sewer
  2153 | Sewer    | XOM: god gift: shortbow {god gift}
  2162 | Sewer    | XOM: divination: detect creatures
  2284 | Sewer    | Reached skill level 2 in Stealth
  2367 | Sewer    | Reached XP level 5. HP: 29/32 MP: 7/7
  2465 | Sewer    | XOM: harmless Conj miscast
  2665 | Sewer    | Reached skill level 3 in Stealth
  2904 | Sewer    | XOM: enchant monster (good)
  2925 | Sewer    | Reached XP level 6. HP: 25/37 MP: 8/8
  3228 | Sewer    | XOM: noise
  3399 | D:3      | XOM: noise
  3617 | D:3      | Found a stormy altar of Qazlal.
  3860 | D:4      | XOM: harmless Tmut miscast
  3890 | D:4      | Found a staircase to the Ecumenical Temple.
  3926 | D:4      | XOM: divination: detect items
  3957 | D:4      | XOM: potion effect (berserk rage)
  3962 | D:4      | Reached skill level 4 in Stealth
  3962 | D:4      | Reached XP level 7. HP: 31/42 MP: 9/9
  4569 | D:4      | Found a shattered altar of Ashenzari.
  5079 | D:5      | Entered Level 5 of the Dungeon
  5156 | D:5      | Found a sparkling altar of Nemelex Xobeh.
  5170 | D:5      | Reached skill level 5 in Stealth
  5199 | D:5      | Found Vuigun's Armour Boutique.
  5204 | D:5      | Reached XP level 8. HP: 48/48 MP: 10/10
  5207 | D:5      | Reached skill level 6 in Stealth
  5209 | D:5      | Bought a +2 hat for 176 gold pieces
  5250 | D:5      | Found a glowing silver altar of Zin.
  5250 | D:5      | Found an iron altar of Okawaru.
  5255 | D:5      | Reached skill level 5 in Short Blades
  5271 | D:5      | XOM: potion effect (berserk rage)
  5278 | D:5      | Found a sand-covered staircase.
  5285 | Ossuary  | Entered an ossuary
  5662 | Ossuary  | XOM: 5-stop teleportation journey
  5663 | Ossuary  | Noticed Menkaure
  5737 | Ossuary  | XOM: potion effect (curing)
  5739 | Ossuary  | XOM: butterfly on damage
  6162 | Ossuary  | XOM: god gift: scroll of random uselessness
  6199 | Ossuary  | Reached skill level 5 in Dodging
  6358 | Ossuary  | XOM: cast spell 'Summon Hydra'
  6363 | Ossuary  | Killed Menkaure
  6495 | Ossuary  | XOM: 1-stop teleportation journey
  6706 | D:5      | XOM: scenery: create altars
  6770 | D:5      | Noticed Eustachio
  6790 | D:5      | Killed Eustachio
  6793 | D:5      | XOM: scenery: create altars
  6803 | D:5      | Reached skill level 7 in Stealth
  6891 | D:5      | XOM: god gift: scroll of random uselessness
  7183 | D:5      | XOM is BORED!
  7183 | D:5      | XOM: mild Summ miscast
  7327 | D:5      | Bought a scarf of repulsion for 132 gold pieces
  7352 | D:6      | XOM: noise
  7353 | D:6      | Found Qeulaf's Book Emporium.
  7359 | D:6      | XOM: snakes to sticks
  7386 | D:6      | XOM: confuse monster(s)
  7412 | D:6      | Found Tegao's Antique Armour Shoppe.
  7440 | D:6      | Killed from afar by an orc priest

Skill      XL: |  1  2  3  4  5  6  7  8 |
---------------+-------------------------+-----
Long Blades    | 3 |  3.0
Dodging        | 3 4 5 |  5.5
Fighting       | 3 4 |  4.5
Armour         | 1 2 3 |  3.4
Stealth        | 1 2 3 4 5 7 |  7.2
Short Blades   | 1 2 3 4 6 |  6.5

Action                   |  1- 3 |  4- 6 |  7- 9 || total
-------------------------+-------+-------+-------++-------
Melee: Falchion          |    16 |       |    20 ||    36
       Dagger            |    74 |   227 |     6 ||   307
       Short sword       |       |       |   326 ||   326
  Use: Scroll            |       |     8 |     6 ||    14
       Potion            |       |     2 |     2 ||     4
 Stab: Sleeping          |     1 |     2 |    11 ||    14
       Distracted        |       |       |     2 ||     2
       Confused          |       |       |     1 ||     1
  Eat: Chunk             |     1 |     9 |     8 ||    18
       Ration            |       |       |     1 ||     1
Armor: Leather armour    |    25 |    50 |    73 ||   148
Dodge: Dodged            |    49 |   136 |   176 ||   361
       Rpst.: Falchion   |     6 |       |     2 ||     8
